 Dungeon Crawl Stone Soup version 0.29-a0-72-g1732ff48e7 (webtiles) character file.

Game seed: 15275842027169624441

51 blank1 the Shield-Bearer (level 3, -2/33 HPs)
             Began as a Minotaur Fighter on Feb 3, 2022.
             Killed from afar by Sigmund (8 damage)
             ... with a magic dart
             ... on level 2 of the Dungeon.
             The game lasted 00:01:32 (1511 turns).

blank1 the Shield-Bearer (Minotaur Fighter)         Turns: 1511, Time: 00:01:33

Health: -2/33      AC:  7    Str: 22    XL:     3   Next: 57%
Magic:  2/2        EV:  9    Int:  5    God:
Gold:   72         SH:  0    Dex:  9    Spells: 2/2 levels left

rFire   . . .      SeeInvis .   a - +0 flail
rCold   . . .      Faith    .   c - +0 buckler
rNeg    . . .      Spirit   .   b - +0 scale mail
rPois   .          Reflect  .   (helmet restricted)
rElec   .          Harm     .   (no cloak)
rCorr   .          Rampage  .   (no gloves)
Will    .....                   (no boots)
Stlth   ..........              (no amulet)
HPRegen 0.11/turn               (no ring)
MPRegen 0.08/turn               (no ring)

@: confused, mighty
A: horns 2, retaliatory headbutt
a: no special abilities


You were on level 2 of the Dungeon.
You visited 1 branch of the dungeon, and saw 2 of its levels.

You collected 72 gold pieces.

Inventory:

Hand Weapons
 a - a +0 flail (weapon)
Armour
 b - a +0 scale mail (worn)
 c - a +0 buckler (worn)
Potions
 e - a potion of curing {unknown}
 f - a potion of magic {unknown}


   Skills:
 - Level 4.0 Fighting
 + Level 3.3 Maces & Flails
 - Level 4.0 Armour
 + Level 1.7 Dodging
 - Level 4.0 Shields


You had 2 spell levels left.
You didn't know any spells.
Your spell library was empty.

Dungeon Overview and Level Annotations

Branches:
Dungeon (2/15)

Altars:

Annotations:
D:2 Sigmund


Innate Abilities, Weirdness & Mutations

You have a pair of horns on your head.
You reflexively headbutt those who attack you in melee.


Message History

Sigmund shouts!
The hobgoblin shouts!
There are monsters nearby!
There are monsters nearby!
Sigmund casts a spell.
Sigmund flickers and vanishes!
Deactivating autopickup; reactivate with Ctrl-A.
Found a metallic green potion.
The hobgoblin barely misses you.
You hit the hobgoblin. Your headbutt misses the hobgoblin.
The hobgoblin is severely wounded.
The hobgoblin barely misses you.
You sock the hobgoblin!
You kill the hobgoblin!
The rat closely misses you.
You sock the rat!
You kill the rat!
A magic dart appears from out of thin air!
The magic dart hits you.
Hit: a) +0 flail
Press: ? - help, Dir - move target, f - you
Okay, then.
You see here a quokka skeleton.
You hear some strange, mumbled words.
You are confused.
Something hits you!
You bump into the rock wall.
You hear some strange, mumbled words.
A magic dart appears from out of thin air!
The magic dart hits you!
You barely miss something. Your headbutt misses something. Something hits you.
You bump into the rock wall.
You hear some strange, mumbled words.
A magic dart appears from out of thin air!
The magic dart hits you.
* * * LOW HITPOINT WARNING * * *
You feel very mighty all of a sudden.
You hear some strange, mumbled words.
A magic dart appears from out of thin air!
The magic dart hits you!
You die...

#.......# #.#.# #.........
.######.# ### #.#.######.#.####.#
†# #.# ..##.#.#...)....# ##.
.######.# #.##.#.#.####.#.######
......#.####.##.#.#.####.#..{...#
.#.##...........#...÷....#.......
###...†.......#####.###########.#
.#.####...###.#####.## #.# #.##
#...# #...@{...# ##.# ...##
#...###.#####....... .....
....###.#.....# ##.##### .#..#
........###.### .# #.!# .......##
#.# .# #..# ........###.# .#
#.#.8#8.....# .# ###.#?#.#####
....8#8.#####


There were no monsters in sight!

Vanquished Creatures
  An adder (D:2)
  A worm (D:2)
  2 ball pythons
  5 endoplasms
  A goblin (D:1)
  4 hobgoblins
  4 quokkas
  4 bats (D:1)
  4 frilled lizards
  5 kobolds
  5 rats
36 creatures vanquished.

Notes
Turn   | Place    | Note
-------+----------+-------------------------------------------
     0 | D:1      | blank1 the Minotaur Fighter began the quest for the Orb.
     0 | D:1      | Reached XP level 1. HP: 19/19 MP: 0/0
   115 | D:1      | Reached XP level 2. HP: 21/27 MP: 1/1
   360 | D:1      | Found a faded altar of an unknown god.
   641 | D:1      | Reached skill level 1 in Dodging
  1050 | D:2      | Reached XP level 3. HP: 33/33 MP: 2/2
  1472 | D:2      | Noticed Sigmund
  1511 | D:2      | Killed from afar by Sigmund

Illustrated notes

Levels and vault maps discovered:
D:1:      dpeg_arrival_arbitrary_b, layout_basic,
          shapermc_ecumenical_altar_totnotflames
D:2:      layout_loops_ring, minmay_statues_item, uniq_sigmund

Skill      XL: |  1  2  3 |
---------------+----------+-----
Dodging        | 1 |  1.7
Shields        | 4 |  4.0
Fighting       | 4 |  4.0
Armour         | 4 |  4.0
Maces & Flails | 3 |  3.3

Action                   || total
-------------------------++-------
Melee: Flail             ||    72
       Headbutt          ||     8
  Use: Potion            ||     1
Armor: Scale mail        ||    24
Dodge: Dodged            ||    36
Block: Buckler           ||    11

Table legend: (Time is in decaauts)
 A = Elapsed time spent in this place.
 B = Non-inter-level travel time spent in this place.
 C = Inter-level travel time spent in this place.
 D = Time resting spent in this place.
 E = Time spent auto-exploring this place.
 F = Levels seen in this place.
 G = Mean time per level.
                   A        B        C        D        E       F      G
               +--------+--------+--------+--------+--------+-----+--------+
         Total |   1531 |   1518 |     13 |    208 |   1103 |   2 |  765.5 |
       Dungeon |   1531 |   1518 |     13 |    208 |   1103 |   2 |  765.5 |
               +--------+--------+--------+--------+--------+-----+--------+

Top non-repeatable levels by time:
     D:1: 984 daAuts
     D:2: 547 daAuts
